 Dungeon Crawl Stone Soup version 0.22-a0-247-gbddf880 (webtiles) character file.

19 Amnesiac the Charlatan (level 2, 0/16 HPs)
             Began as a Deep Elf Artificer on Feb 25, 2018.
             Slain by a goblin (4 damage)
             ... led by Robin
             ... on level 4 of the Dungeon.
             The game lasted 00:01:25 (616 turns).

Amnesiac the Charlatan (Deep Elf Artificer)          Turns: 616, Time: 00:01:26

Health: 0/16       AC:  4    Str:  9    XL:     2   Next: 55%
Magic:  7/7        EV: 12    Int: 15    God:
Gold:   9          SH:  0    Dex: 15    Spells: 1/1 levels left

rFire    . . .     SeeInvis .   h - +2 mace (crush)
rCold    . . .     Gourm    .   (no shield)
rNeg     . . .     Faith    .   b - +0 leather armour
rPois    .         Spirit   .   j - +0 helmet
rElec    .         Reflect  .   (no cloak)
rCorr    .         Harm     .   (no gloves)
MR       .....                  (no boots)
Stlth    ++........             (no amulet)
HPRegen  0.05/turn              (no ring)
MPRegen  0.10/turn              (no ring)

@: no status effects
A: no striking features
a: no special abilities


You were on level 4 of the Dungeon.
You were not hungry.

You visited 1 branch of the dungeon, and saw 4 of its levels.

You collected 9 gold pieces.

Inventory:

Hand Weapons
 a - a +0 short sword
 h - a +2 mace of crushing (weapon)
Missiles
 k - 3 stones (quivered)
Armour
 b - a +0 leather armour (worn)
 j - a +0 helmet (worn)
Wands
 c - a wand of flame (15)
 d - a wand of enslavement (14)
 e - a wand of random effects (15)
Potions
 g - a potion of curing {!q}
Comestibles
 f - 5 rations


   Skills:
 - Level 0.7 Fighting
 - Level 1.0 Short Blades
 - Level 2.4 Dodging
 - Level 1.2 Stealth
 + Level 4.3 Evocations


You had one spell level left.
You didn't know any spells.

Dungeon Overview and Level Annotations

Branches:
Dungeon (4/15)
 Temple: D:4-7

Altars:
Fedhas

Annotations:
D:4 Robin


Message History

Your scorpion stings the leopard gecko skeleton.
The goblin barely misses your scorpion. Robin throws the goblin at you!
The leopard gecko skeleton bites your scorpion but does no damage.
The goblin hits you.
The goblin hits your scorpion but does no damage.
The goblin hits your scorpion with a dagger.
You see here a scroll labeled JOWACS FULASO {!r}.
n - a scroll labeled JOWACS FULASO {!r} The leopard gecko skeleton bites your scorpion but does no damage.
The goblin hits you but does no damage.
The goblin hits your scorpion but does no damage.
The goblin hits your scorpion with a dagger.
Really read
l - a scroll labeled NEYHAB VIGA {!r}?
As you read the scroll labeled NEYHAB VIGA {!r}, it crumbles to dust.
It is a scroll of amnesia.
You feel forgetful for a moment. Robin throws the goblin at you!
The teleport trap disappears.
The goblin disappears!
The goblin reappears nearby!
The leopard gecko skeleton bites your scorpion but does no damage.
The goblin barely misses you.
The goblin closely misses your scorpion.
Your scorpion stings the goblin.
The goblin dies!
Really read
m - a scroll labeled VUP WOKHEWUMEE {!r}?
As you read the scroll labeled VUP WOKHEWUMEE {!r}, it crumbles to dust.
You feel strangely unstable.
It was a scroll of teleportation {!r}.
The leopard gecko skeleton bites your scorpion but does no damage.
The goblin barely misses you.
The goblin hits your scorpion but does no damage.
Your scorpion stings the leopard gecko skeleton!
The leopard gecko skeleton is destroyed!
Really read
n - a scroll labeled JOWACS FULASO {!r}?
As you read the scroll labeled JOWACS FULASO {!r}, it crumbles to dust.
It is a scroll of identify.
g - a potion of curing {!q} Robin throws the goblin at you!
The goblin hits you.
* * * LOW HITPOINT WARNING * * *
The goblin misses you.
Wear which item? (? for menu, Esc to quit)
Your surroundings suddenly seem different.
Keep equipping yourself?
Keep equipping yourself?
Robin roars a battlecry!
The goblins go into a battle-frenzy!
Your scorpion stings Robin.
You start putting on your armour.
You continue putting on your helmet. x2
Robin throws the goblin at you! The goblin closely misses you.
Your scorpion stings Robin.
All of the chunks of flesh in your inventory have rotted away.
You continue putting on your helmet.
The goblin barely misses you.
You continue putting on your helmet.
The goblin barely misses you. The goblin closely misses you.
You finish putting on your +0 helmet.
You aren't carrying any scrolls.
Unknown command.
Unknown command.
Unknown command.
The goblin hits you.
* * * LOW HITPOINT WARNING * * *
The goblin hits your scorpion. The goblin barely misses you.
The goblin hits you.
You die...

...g #..#######
#........#
###...<....#
............###
..............##
.........g>.g.g##
#..........gggg.#
#..........g.s@g#
#.......#....g..#
#......>##)..g.##
.......##...g.##
#######.......#
#.......#
#.......#
##.....## ##g..##


You could see Robin, 4 hobgoblins, 7 goblins and a friendly scorpion.

Vanquished Creatures
  A worm (D:2)
  A leopard gecko (D:2)
  A bat (D:2)
  A goblin (D:2)
  A hobgoblin (D:2)
  4 jackals (D:2)
  A quokka (D:3)
  A kobold (D:2)
  A rat (D:2)
12 creatures vanquished.

Vanquished Creatures (collateral kills)
  A goblin (D:4)
  A leopard gecko skeleton (D:4)
2 creatures vanquished.

Grand Total: 14 creatures vanquished

Notes
Turn   | Place    | Note
-------+----------+-------------------------------------------
     0 | D:1      | Amnesiac the Deep Elf Artificer began the quest for the Orb.
     0 | D:1      | Reached XP level 1. HP: 11/11 MP: 5/5
   291 | D:2      | Reached skill level 4 in Evocations
   291 | D:2      | Reached XP level 2. HP: 14/16 MP: 7/7
   415 | D:3      | Found a blossoming altar of Fedhas.
   589 | D:4      | Noticed Robin
   589 | D:4      | Noticed a scorpion
   616 | D:4      | Slain by a goblin

Vault maps used:
D:1:      dpeg_arrival_rooms_b, minmay_misc_feat_iff
D:2:      cheibrodos_helix_gallery
D:3:      grunt_ministairs_15, fedhas_altar_2, uniq_sigmund
D:4:      temple_green, first_ration, uniq_robin, uniq_duvessa

Skill      XL: |  1 |
---------------+----+-----
Evocations     | 4 |  4.3
Fighting       | |  0.7
Short Blades   | |  1.0
Dodging        | |  2.4
Stealth        | |  1.2

Action                   || total
-------------------------++-------
Melee: Mace              ||    37
Evoke: Wand              ||     1
  Use: Scroll            ||     3
Armor: Leather armour    ||    23
Dodge: Dodged            ||    47

Table legend:
 A = Spawn XP
 B = Non-spawn XP
 C = Spawn XP percentage of total XP
 D = Spawn monster count
 E = Non-spawn monster count
 F = Spawn count percentage of total count
 G = Total turns spent on level
                    A         B        C        D         E        F      G
               +---------+---------+-------+---------+---------+-------+---------
         Total |       0 |      28 |   0.0 |       0 |      14 |   0.0 |   616
               +---------+---------+-------+---------+---------+-------+---------
           D:2 |       0 |      24 |   0.0 |       0 |      11 |   0.0 |   384
           D:3 |       0 |       2 |   0.0 |       0 |       1 |   0.0 |   174
           D:4 |       0 |       2 |   0.0 |       0 |       2 |   0.0 |    27
               +---------+---------+-------+---------+---------+-------+---------
